Login

Cunts vs Bunnies

Created - April 14, 2024 at 12:43

Goals
1 2 3 T
Cunts 2 1 1 4
Bunnies 1 1 1 3
Shots
1 2 3 T
Cunts 11 7 13 31
Bunnies 14 18 6 38

GoalsPenalties
1st period
1. Cunts , Rod Tapper 17 (Bo Horvat 37, Luke Schenn 20) at 0:18
2. Bunnies , Johnny Gaudreau 18 (Erik Karlsson 17, Brayden Schenn 15) at 4:51
3. Cunts , Artemi Panarin 30 (Luke Schenn 21, Andrew Peeke 21) at 18:03 (PP)
Radko Gudas (KOK) for Roughing (Minor) at 0:27
Radko Gudas (KOK) for Hooking (Minor) at 16:30
2nd period
4. Bunnies , Johnny Gaudreau 19 (Vladimir Tarasenko 15, Filip Hronek 15) at 16:20
5. Cunts , Sean Durzi 2 (Jonathan Drouin 8) at 17:53
Nazem Kadri (KOK) for Tripping (Minor) at 2:13
Travis Sanheim (CUN) for Cross-checking (Minor) at 5:03
Luke Schenn (CUN) for Hooking (Minor) at 9:23
3rd period
6. Cunts , Bo Horvat 29 (Artemi Panarin 32, Blake Wheeler 13) at 9:27
7. Bunnies , Nipples Tenderloin 24 (David Savard 26, Nick Suzuki 33) at 19:10
Radko Gudas (KOK) for Roughing (Minor) at 1:42
Nazem Kadri (KOK) for Interference (Minor) at 11:30
Goalie Stats
Darcy Kuemper (CUN), 35 saves from 38 shots - (0.921), W, 35-22-6, 60:00 minutes
Joonas Korpisalo (KOK), 27 saves from 31 shots - (0.871), L, 35-18-4, 59:44 minutes
3 StarsOfficial
1 - Johnny Gaudreau (KOK)
2 - Artemi Panarin (CUN)
3 - Bo Horvat (CUN)
Referees : Unknown
Linesman : Unknown
Game Note
Rod Tapper is injured at 8:56 of 2nd period (Upper Body)
Finance
Level 1 -- Attendance: 4939 (82.32%) -- Ticket Income $493,900
Level 2 -- Attendance: 4804 (96.08%) -- Ticket Income $240,200
Level 3 -- Attendance: 1543 (77.15%) -- Ticket Income $54,005
Level 4 -- Attendance: 2930 (73.25%) -- Ticket Income $73,250
Luxury Box -- Attendance: 1000 (100.00%) -- Ticket Income $200,000
Game was played at the California Roll Bowl.
Total Attendance: 15216 (84.53%)
Total Ticket Income: $1,061,355
Other Income: $424,542
Total Income: $1,485,897



Team Name Goals Shots Shots Attemp Shots Blocked PIM HIT PP PK FO%
Cunts 4317964161 / 5 (20%)047%
Bunnies 338631910220 / 2 (0%)153%

Cunts
Player Name POS G A P +/- PIM HIT SHT SB MP PP MP PP SHT PK MP PK SHT FO% FOT
Andre BurakovskyLW/RW000-2002020:504:2920:5900% 0
Andrew PeekeD011-1007122:285:0772:2100% 0
Artemi PanarinLW1121012026:515:0012:59036% 11
Blake WheelerRW0110013019:271:5200:000100% 1
Bo HorvatC1121004027:005:0012:59048% 29
Brock BoeserRW000-2031018:114:2900:0000% 0
Dylan DeMeloD000-1020013:060:0000:0000% 0
Gabriel VilardiC/RW000-1022020:284:3310:16041% 29
Jake McCabeD0001013018:484:2231:3700% 0
Jonathan DrouinLW/RW011100005:130:0000:0000% 0
Justin HollD0001001218:484:2201:3700% 0
Keegan KolesarC/LW/RW0001020014:130:0000:1400% 2
Luke GlendeningC/RW0001002014:030:0400:00062% 21
Luke SchennD022-1232120:575:0720:5100% 0
Oliver Ekman-LarssonD000000006:200:0000:0000% 0
Rod TapperC/RW101100119:023:0000:2900% 0
Sean DurziD101000107:220:0001:0000% 0
Travis SanheimD0000210112:530:0000:3000% 0
Bunnies
Player Name POS G A P +/- PIM HIT SHT SB MP PP MP PP SHT PK MP PK SHT FO% FOT
Anthony DeangeloD000000023:112:0800:1400% 0
Brayden SchennC/LW0112021013:100:1500:00060% 15
Brenden DillonD000-1021118:030:0004:5700% 0
David SavardD011-1001320:531:5005:5700% 0
Erik KarlssonD0111001010:181:5001:4800% 0
Filip HronekD0111011113:410:0000:0000% 0
Jamie BennC/LW0000004016:242:1110:00046% 24
Jeff PetryD0000010523:150:0004:1800% 0
Johnny GaudreauLW2021013224:331:5605:05033% 3
Matt DucheneC/RW0000022016:242:1100:00067% 3
Nazem KadriC/LW0000426014:360:0000:0000% 1
Nick JensenD0001001313:410:0000:0000% 0
Nick SuzukiC011-1002020:341:4704:24059% 29
Nipples TenderloinLW/RW101-2029125:571:4704:45022% 9
Radko GudasD000-1661016:552:0811:4400% 0
Rickard RakellLW/RW000-1021020:341:4704:24067% 3
Tyler SeguinC/RW000-100115:220:0000:20083% 6
Vladimir TarasenkoLW/RW0112013012:550:0000:0000% 0

Cunts

5 vs 5 Forward
Line #Left WingCenterRight WingPHYDFOFWanted %Time %Time Play
1Artemi PanarinBo HorvatRod Tapper1223029%13:21
2Andre BurakovskyGabriel VilardiBrock Boeser1222830%13:42
3Keegan KolesarLuke GlendeningBlake Wheeler1222631%13:59
4Jonathan DrouinArtemi PanarinBo Horvat1221610%4:42
5 vs 5 Defense
Line #DefenseDefensePHYDFOFWanted %Time %Time Play
1Luke SchennAndrew Peeke1223031%14:13
2Justin HollJake McCabe1222828%12:49
3Dylan DeMeloTravis Sanheim1222627%12:22
4Sean DurziOliver Ekman-Larsson1221614%6:20
Power Play Forward
Line #Left WingCenterRight WingPHYDFOFWanted %Time %Time Play
1Artemi PanarinBo HorvatRod Tapper1225553%5:00
2Andre BurakovskyGabriel VilardiBrock Boeser1224547%4:29
Power Play Defense
Line #DefenseDefensePHYDFOFWanted %Time %Time Play
1Luke SchennAndrew Peeke1225554%5:07
2Justin HollJake McCabe1224546%4:22
Penalty Kill 4 Players Forward
Line #CenterWingPHYDFOFWanted %Time %Time Play
1Artemi PanarinBo Horvat1225575%2:59
2Rod TapperAndre Burakovsky1224525%0:59
Penalty Kill 4 Players Defense
Line #DefenseDefensePHYDFOFWanted %Time %Time Play
1Luke SchennAndrew Peeke1225559%2:21
2Justin HollJake McCabe1224541%1:37
Penalty Kill 3 Players
Line #WingPHYDFOFWanted %Time %Time PlayDefenseDefensePHYDFOFWanted %Time %Time Play
1Artemi Panarin122550%0:00 Luke SchennAndrew Peeke122550%0:00
2Bo Horvat122450%0:00 Justin HollJake McCabe122450%0:00
4 vs 4 Forward
Line #CenterWingPHYDFOFWanted %Time %Time Play
1Artemi PanarinBo Horvat122550%0:00
2Rod TapperAndre Burakovsky122450%0:00
4 vs 4 Defense
Line #DefensePHYDFOFWanted %Time %Time Play
1Luke SchennAndrew Peeke122550%0:00
2Justin HollJake McCabe122450%0:00
Last Minutes Offensive
Left WingCenterRight WingDefenseDefense
Artemi PanarinBo HorvatRod TapperLuke SchennAndrew Peeke
Last Minutes Defensive
Left WingCenterRight WingDefenseDefense
Artemi PanarinBo HorvatRod TapperLuke SchennAndrew Peeke
Time
Total ForwardTotal DefenseLast Minutes OffensiveLast Minutes Defensive
60:00 60:00 0:000:49
Extra Forwards
Normal PowerPlayPenalty Kill
Blake Wheeler, Luke Glendening, Keegan KolesarBlake Wheeler, Luke GlendeningKeegan Kolesar
Extra Defensemen
Normal PowerPlayPenalty Kill
Dylan DeMelo, Travis Sanheim, Sean DurziDylan DeMelo, Travis SanheimSean Durzi
Penalty Shots
Artemi Panarin, Bo Horvat, Rod Tapper, Andre Burakovsky, Brock Boeser
Goalie
Darcy Kuemper, Alex Nedeljkovic
Custom OT Lines Forwards
Artemi Panarin, Bo Horvat, Rod Tapper, Andre Burakovsky, Brock Boeser, Gabriel Vilardi, Blake Wheeler, Luke Glendening, Keegan Kolesar, Jonathan Drouin
Custom OT Lines Defensemen
Luke Schenn, Andrew Peeke, Justin Holl, Jake McCabe, Dylan DeMelo
Scratches
Alex Newhook (Healthy), Tyler Myers (Healthy), Guillaume Brisebois (Healthy)

Bunnies

5 vs 5 Forward
Line #Left WingCenterRight WingPHYDFOFWanted %Time %Time Play
1Nipples TenderloinNick SuzukiRickard Rakell1223030%13:34
2Nazem KadriJamie BennMatt Duchene1222831%14:13
3Johnny GaudreauBrayden SchennVladimir Tarasenko1222628%12:55
4Nipples TenderloinTyler SeguinJohnny Gaudreau1221611%5:02
5 vs 5 Defense
Line #DefenseDefensePHYDFOFWanted %Time %Time Play
1Jeff PetryDavid Savard1223029%13:06
2Brenden DillonRadko Gudas1222829%13:06
3Nick JensenFilip Hronek1222630%13:41
4Erik KarlssonJeff Petry1221613%5:51
Power Play Forward
Line #Left WingCenterRight WingPHYDFOFWanted %Time %Time Play
1Nipples TenderloinNick SuzukiRickard Rakell1225545%1:47
2Johnny GaudreauJamie BennMatt Duchene1224555%2:11
Power Play Defense
Line #DefenseDefensePHYDFOFWanted %Time %Time Play
1Erik KarlssonDavid Savard1225546%1:50
2Anthony DeangeloRadko Gudas1224554%2:08
Penalty Kill 4 Players Forward
Line #CenterWingPHYDFOFWanted %Time %Time Play
1Nipples TenderloinJohnny Gaudreau1225554%5:05
2Nick SuzukiRickard Rakell1224546%4:24
Penalty Kill 4 Players Defense
Line #DefenseDefensePHYDFOFWanted %Time %Time Play
1Jeff PetryDavid Savard1225545%4:18
2Brenden DillonRadko Gudas1224555%5:11
Penalty Kill 3 Players
Line #WingPHYDFOFWanted %Time %Time PlayDefenseDefensePHYDFOFWanted %Time %Time Play
1Nipples Tenderloin122550%0:00 Jeff PetryDavid Savard122550%0:00
2Johnny Gaudreau122450%0:00 Brenden DillonRadko Gudas122450%0:00
4 vs 4 Forward
Line #CenterWingPHYDFOFWanted %Time %Time Play
1Nipples TenderloinJohnny Gaudreau122550%0:00
2Nick SuzukiRickard Rakell122450%0:00
4 vs 4 Defense
Line #DefensePHYDFOFWanted %Time %Time Play
1Jeff PetryDavid Savard122550%0:00
2Brenden DillonRadko Gudas122450%0:00
Last Minutes Offensive
Left WingCenterRight WingDefenseDefense
Nipples TenderloinNick SuzukiRickard RakellErik KarlssonAnthony Deangelo
Last Minutes Defensive
Left WingCenterRight WingDefenseDefense
Nipples TenderloinNick SuzukiRickard RakellJeff PetryDavid Savard
Time
Total ForwardTotal DefenseLast Minutes OffensiveLast Minutes Defensive
60:00 60:00 0:490:00
Extra Forwards
Normal PowerPlayPenalty Kill
Nipples Tenderloin, Brayden Schenn, Nazem KadriNipples Tenderloin, Brayden SchennNazem Kadri
Extra Defensemen
Normal PowerPlayPenalty Kill
Nick Jensen, Jeff Petry, Erik KarlssonNick Jensen, David SavardErik Karlsson
Penalty Shots
Nipples Tenderloin, Johnny Gaudreau, Nick Suzuki, Rickard Rakell, Jamie Benn
Goalie
Joonas Korpisalo, Semyon Varlamov
Custom OT Lines Forwards
Nipples Tenderloin, Johnny Gaudreau, Nick Suzuki, Rickard Rakell, Jamie Benn, Matt Duchene, Brayden Schenn, Nazem Kadri, Vladimir Tarasenko, Tyler Seguin
Custom OT Lines Defensemen
Jeff Petry, Erik Karlsson, Anthony Deangelo, Radko Gudas, David Savard
Scratches
Mason Appleton (Healthy)


Play-by-Play

1st period


0:01 of 1st period - Bo Horvat wins face-off versus Nipples Tenderloin in neutral zone.
0:16 of 1st period - Shot by Bo Horvat.
0:16 of 1st period - Shot Blocked by David Savard.
0:18 of 1st period - Shot by Rod Tapper.
0:18 of 1st period - Goal by Rod Tapper - Cunts : 1 - Bunnies : 0.
0:19 of 1st period - Gabriel Vilardi wins face-off versus Jamie Benn in neutral zone.
0:27 of 1st period - Minor Penalty to Radko Gudas for Roughing.
0:28 of 1st period - Nipples Tenderloin wins face-off versus Bo Horvat in Bunnies zone.
0:40 of 1st period - Shot by Rod Tapper.
0:40 of 1st period - Shot Blocked by David Savard.
0:42 of 1st period - Shot by Andrew Peeke.
0:42 of 1st period - Stopped by Joonas Korpisalo without a rebound.
0:43 of 1st period - Nick Suzuki wins face-off versus Gabriel Vilardi in Bunnies zone.
0:54 of 1st period - Shot by Jake McCabe.
0:54 of 1st period - Stopped by Joonas Korpisalo with a rebound.
1:42 of 1st period - Shot by Artemi Panarin.
1:42 of 1st period - Shot Misses the Net.
1:44 of 1st period - Shot by Luke Schenn.
1:44 of 1st period - Shot Misses the Net.
1:46 of 1st period - Shot by Andrew Peeke.
1:46 of 1st period - Shot Blocked by Nipples Tenderloin.
1:48 of 1st period - Shot by Andrew Peeke.
1:48 of 1st period - Stopped by Joonas Korpisalo without a rebound.
1:49 of 1st period - Nick Suzuki wins face-off versus Bo Horvat in Bunnies zone.
2:29 of 1st period - Off-side.
2:30 of 1st period - Jamie Benn wins face-off versus Luke Glendening in neutral zone.
2:34 of 1st period - Icing by Luke Glendening.
2:35 of 1st period - Luke Glendening wins face-off versus Jamie Benn in Cunts zone.
2:43 of 1st period - Icing by Nick Jensen.
2:44 of 1st period - Gabriel Vilardi wins face-off versus Matt Duchene in Bunnies zone.
2:54 of 1st period - Icing by Filip Hronek.
2:55 of 1st period - Jamie Benn wins face-off versus Bo Horvat in Bunnies zone.
2:55 of 1st period - Jamie Benn is hit by Artemi Panarin.
3:08 of 1st period - Off-side.
3:09 of 1st period - Brayden Schenn wins face-off versus Gabriel Vilardi in neutral zone.
3:16 of 1st period - Shot by Brayden Schenn.
3:16 of 1st period - Stopped by Darcy Kuemper without a rebound.
3:17 of 1st period - Luke Glendening wins face-off versus Brayden Schenn in Cunts zone.
3:17 of 1st period - Luke Glendening is hit by Vladimir Tarasenko.
3:34 of 1st period - Shot by Luke Glendening.
3:34 of 1st period - Shot Blocked by Johnny Gaudreau.
3:36 of 1st period - Shot by Justin Holl.
3:36 of 1st period - Stopped by Joonas Korpisalo without a rebound.
3:37 of 1st period - Artemi Panarin wins face-off versus Nick Suzuki in Bunnies zone.
4:25 of 1st period - Icing by Bo Horvat.
4:26 of 1st period - Brayden Schenn wins face-off versus Artemi Panarin in Cunts zone.
4:51 of 1st period - Shot by Johnny Gaudreau.
4:51 of 1st period - Goal by Johnny Gaudreau - Cunts : 1 - Bunnies : 1.
4:52 of 1st period - Luke Glendening wins face-off versus Nazem Kadri in neutral zone.
5:02 of 1st period - Icing by Nick Jensen.
5:03 of 1st period - Matt Duchene wins face-off versus Gabriel Vilardi in Bunnies zone.
5:03 of 1st period - Matt Duchene is hit by Gabriel Vilardi.
5:13 of 1st period - Shot by Filip Hronek.
5:13 of 1st period - Shot Misses the Net.
5:22 of 1st period - Icing by Nick Jensen.
5:23 of 1st period - Luke Glendening wins face-off versus Jamie Benn in Bunnies zone.
7:05 of 1st period - Icing by Oliver Ekman-Larsson.
7:06 of 1st period - Nick Suzuki wins face-off versus Bo Horvat in Cunts zone.
7:09 of 1st period - Shot by Nipples Tenderloin.
7:09 of 1st period - Stopped by Darcy Kuemper without a rebound.
7:10 of 1st period - Brayden Schenn wins face-off versus Gabriel Vilardi in Cunts zone.
7:10 of 1st period - Johnny Gaudreau is hit by Jake McCabe.
7:47 of 1st period - Gabriel Vilardi is hit by Brenden Dillon and loses puck.
8:30 of 1st period - Shot by Nick Suzuki.
8:30 of 1st period - Stopped by Darcy Kuemper with a rebound.
8:32 of 1st period - Shot by Erik Karlsson.
8:32 of 1st period - Stopped by Darcy Kuemper without a rebound.
8:33 of 1st period - Jamie Benn wins face-off versus Bo Horvat in Cunts zone.
8:43 of 1st period - Nazem Kadri is hit by Dylan DeMelo and loses puck.
8:56 of 1st period - Shot by Jamie Benn.
8:56 of 1st period - Stopped by Darcy Kuemper with a rebound.
9:02 of 1st period - Shot by Nazem Kadri.
9:02 of 1st period - Stopped by Darcy Kuemper with a rebound.
9:55 of 1st period - Shot by Rickard Rakell.
9:55 of 1st period - Stopped by Darcy Kuemper with a rebound.
10:24 of 1st period - Luke Glendening is hit by Brayden Schenn and loses puck.
10:30 of 1st period - Johnny Gaudreau is hit by Luke Schenn and loses puck.
10:38 of 1st period - Johnny Gaudreau is hit by Luke Schenn and loses puck.
10:46 of 1st period - Andrew Peeke is hit by Brenden Dillon and loses puck.
12:24 of 1st period - Travis Sanheim is hit by Rickard Rakell and loses puck.
12:58 of 1st period - Shot by Keegan Kolesar.
12:58 of 1st period - Shot Blocked by Jeff Petry.
13:50 of 1st period - Shot by Matt Duchene.
13:50 of 1st period - Shot Misses the Net.
13:52 of 1st period - Shot by Nazem Kadri.
13:52 of 1st period - Stopped by Darcy Kuemper without a rebound.
13:53 of 1st period - Brayden Schenn wins face-off versus Gabriel Vilardi in Cunts zone.
13:59 of 1st period - Icing by Sean Durzi.
14:00 of 1st period - Brayden Schenn wins face-off versus Gabriel Vilardi in Cunts zone.
14:13 of 1st period - Radko Gudas is hit by Brock Boeser.
14:34 of 1st period - Icing by Brenden Dillon.
14:35 of 1st period - Luke Glendening wins face-off versus Johnny Gaudreau in Bunnies zone.
14:35 of 1st period - Luke Glendening is hit by Radko Gudas.
14:40 of 1st period - Keegan Kolesar is hit by Radko Gudas.
14:44 of 1st period - Shot by Luke Glendening.
14:44 of 1st period - Shot Misses the Net.
14:53 of 1st period - Blake Wheeler is hit by Radko Gudas.
14:59 of 1st period - Shot by Luke Glendening.
14:59 of 1st period - Stopped by Joonas Korpisalo without a rebound.
15:00 of 1st period - Bo Horvat wins face-off versus Jamie Benn in Bunnies zone.
15:08 of 1st period - Icing by Jeff Petry.
15:09 of 1st period - Bo Horvat wins face-off versus Jamie Benn in Bunnies zone.
15:20 of 1st period - Shot by Jamie Benn.
15:20 of 1st period - Stopped by Darcy Kuemper without a rebound.
15:21 of 1st period - Nick Suzuki wins face-off versus Luke Glendening in Cunts zone.
15:24 of 1st period - Shot by Nipples Tenderloin.
15:24 of 1st period - Stopped by Darcy Kuemper without a rebound.
15:25 of 1st period - Nick Suzuki wins face-off versus Bo Horvat in Cunts zone.
15:26 of 1st period - Shot by Nipples Tenderloin.
15:26 of 1st period - Stopped by Darcy Kuemper without a rebound.
15:27 of 1st period - Tyler Seguin wins face-off versus Bo Horvat in Cunts zone.
15:35 of 1st period - Icing by Jake McCabe.
15:36 of 1st period - Bo Horvat wins face-off versus Tyler Seguin in Cunts zone.
15:43 of 1st period - Shot by Bo Horvat.
15:43 of 1st period - Shot Misses the Net.
16:07 of 1st period - Shot by Tyler Seguin.
16:07 of 1st period - Stopped by Darcy Kuemper without a rebound.
16:08 of 1st period - Gabriel Vilardi wins face-off versus Jamie Benn in Cunts zone.
16:08 of 1st period - Gabriel Vilardi is hit by Matt Duchene.
16:15 of 1st period - Andre Burakovsky is hit by Nazem Kadri and loses puck.
16:20 of 1st period - Nazem Kadri is hit by Brock Boeser and loses puck.
16:29 of 1st period - Shot by Brock Boeser.
16:29 of 1st period - Shot Misses the Net.
16:30 of 1st period - Minor Penalty to Radko Gudas for Hooking.
16:31 of 1st period - Nipples Tenderloin wins face-off versus Bo Horvat in Bunnies zone.
17:31 of 1st period - Shot by Andrew Peeke.
17:31 of 1st period - Shot Misses the Net.
17:33 of 1st period - Shot by Andrew Peeke.
17:33 of 1st period - Stopped by Joonas Korpisalo without a rebound.
17:34 of 1st period - Gabriel Vilardi wins face-off versus Nipples Tenderloin in Bunnies zone.
17:50 of 1st period - Off-side.
17:51 of 1st period - Bo Horvat wins face-off versus Nick Suzuki in neutral zone.
17:59 of 1st period - Shot by Andrew Peeke.
17:59 of 1st period - Stopped by Joonas Korpisalo with a rebound.
18:01 of 1st period - Shot by Luke Schenn.
18:01 of 1st period - Shot Misses the Net.
18:03 of 1st period - Shot by Artemi Panarin.
18:03 of 1st period - Goal by Artemi Panarin - Cunts : 2 - Bunnies : 1.
18:04 of 1st period - Luke Glendening wins face-off versus Jamie Benn in neutral zone.
18:33 of 1st period - Shot by Luke Glendening.
18:33 of 1st period - Stopped by Joonas Korpisalo with a rebound.
18:35 of 1st period - Shot by Blake Wheeler.
18:35 of 1st period - Stopped by Joonas Korpisalo without a rebound.
18:36 of 1st period - Bo Horvat wins face-off versus Nick Suzuki in Bunnies zone.
18:45 of 1st period - Andrew Peeke is hit by Nipples Tenderloin.
18:58 of 1st period - Shot by Rickard Rakell.
18:58 of 1st period - Shot Misses the Net.
19:52 of 1st period - Shot by Vladimir Tarasenko.
19:52 of 1st period - Shot Misses the Net.
19:56 of 1st period - Shot by Johnny Gaudreau.
19:56 of 1st period - Stopped by Darcy Kuemper with a rebound.
Goals for this period are 2 for Cunts vs 1 for Bunnies.
Shots for this period are 11 for Cunts vs 14 for Bunnies.

2nd period


0:01 of 2nd period - Tyler Seguin wins face-off versus Artemi Panarin in neutral zone.
0:04 of 2nd period - Artemi Panarin is hit by Nipples Tenderloin and loses puck.
0:13 of 2nd period - Shot by Nipples Tenderloin.
0:13 of 2nd period - Stopped by Darcy Kuemper without a rebound.
0:14 of 2nd period - Jamie Benn wins face-off versus Gabriel Vilardi in Cunts zone.
0:50 of 2nd period - Shot by Nazem Kadri.
0:50 of 2nd period - Stopped by Darcy Kuemper without a rebound.
0:51 of 2nd period - Artemi Panarin wins face-off versus Nipples Tenderloin in Cunts zone.
1:06 of 2nd period - Shot by Artemi Panarin.
1:06 of 2nd period - Deflect By Bo Horvat.
1:06 of 2nd period - Shot Blocked by Jeff Petry.
1:16 of 2nd period - Shot by Tyler Seguin.
1:16 of 2nd period - Shot Misses the Net.
1:46 of 2nd period - Artemi Panarin is hit by Radko Gudas.
1:55 of 2nd period - Off-side.
1:56 of 2nd period - Nick Suzuki wins face-off versus Luke Glendening in neutral zone.
2:11 of 2nd period - Icing by Luke Glendening.
2:12 of 2nd period - Luke Glendening wins face-off versus Jamie Benn in Cunts zone.
2:12 of 2nd period - Luke Glendening is hit by Matt Duchene.
2:13 of 2nd period - Minor Penalty to Nazem Kadri for Tripping.
2:14 of 2nd period - Gabriel Vilardi wins face-off versus Nipples Tenderloin in Bunnies zone.
2:17 of 2nd period - Shot by Brock Boeser.
2:17 of 2nd period - Shot Blocked by Johnny Gaudreau.
2:23 of 2nd period - Shot by Andre Burakovsky.
2:23 of 2nd period - Stopped by Joonas Korpisalo with a rebound.
2:39 of 2nd period - Shot by Andrew Peeke.
2:39 of 2nd period - Stopped by Joonas Korpisalo without a rebound.
2:40 of 2nd period - Rickard Rakell wins face-off versus Bo Horvat in Bunnies zone.
3:46 of 2nd period - Icing by Brock Boeser.
3:47 of 2nd period - Nick Suzuki wins face-off versus Gabriel Vilardi in Cunts zone.
4:06 of 2nd period - Shot by Andre Burakovsky.
4:06 of 2nd period - Shot Misses the Net.
4:08 of 2nd period - Shot by Luke Schenn.
4:08 of 2nd period - Stopped by Joonas Korpisalo with a rebound.
4:21 of 2nd period - Shot by Luke Glendening.
4:21 of 2nd period - Shot Misses the Net.
4:23 of 2nd period - Shot by Luke Glendening.
4:23 of 2nd period - Deflect By Blake Wheeler.
4:23 of 2nd period - Stopped by Joonas Korpisalo without a rebound.
4:24 of 2nd period - Brayden Schenn wins face-off versus Luke Glendening in Bunnies zone.
4:24 of 2nd period - Brayden Schenn is hit by Keegan Kolesar.
4:39 of 2nd period - Blake Wheeler is hit by Jeff Petry and loses puck.
4:57 of 2nd period - Johnny Gaudreau is hit by Travis Sanheim and loses puck.
5:03 of 2nd period - Minor Penalty to Travis Sanheim for Cross-checking.
5:04 of 2nd period - Nick Suzuki wins face-off versus Artemi Panarin in Cunts zone.
5:23 of 2nd period - Shot by Rickard Rakell.
5:23 of 2nd period - Shot Misses the Net.
5:25 of 2nd period - Shot by Radko Gudas.
5:25 of 2nd period - Stopped by Darcy Kuemper without a rebound.
5:26 of 2nd period - Jamie Benn wins face-off versus Artemi Panarin in Cunts zone.
5:27 of 2nd period - Shot by Johnny Gaudreau.
5:27 of 2nd period - Shot Misses the Net.
5:49 of 2nd period - Shot by Erik Karlsson.
5:49 of 2nd period - Shot Misses the Net.
5:51 of 2nd period - Shot by Erik Karlsson.
5:51 of 2nd period - Shot Misses the Net.
5:53 of 2nd period - Shot by Jamie Benn.
5:53 of 2nd period - Stopped by Darcy Kuemper with a rebound.
5:55 of 2nd period - Shot by Jamie Benn.
5:55 of 2nd period - Shot Misses the Net.
7:11 of 2nd period - Shot by Vladimir Tarasenko.
7:11 of 2nd period - Shot Misses the Net.
7:13 of 2nd period - Shot by Nick Jensen.
7:13 of 2nd period - Stopped by Darcy Kuemper with a rebound.
7:15 of 2nd period - Shot by Vladimir Tarasenko.
7:15 of 2nd period - Stopped by Darcy Kuemper without a rebound.
7:16 of 2nd period - Brayden Schenn wins face-off versus Gabriel Vilardi in Cunts zone.
7:24 of 2nd period - Gabriel Vilardi is hit by Brayden Schenn and loses puck.
7:45 of 2nd period - Shot by Travis Sanheim.
7:45 of 2nd period - Shot Blocked by Nick Jensen.
7:53 of 2nd period - Shot by Gabriel Vilardi.
7:53 of 2nd period - Shot Blocked by Filip Hronek.
8:34 of 2nd period - Shot by Nipples Tenderloin.
8:34 of 2nd period - Stopped by Darcy Kuemper without a rebound.
8:35 of 2nd period - Bo Horvat wins face-off versus Jamie Benn in Cunts zone.
8:56 of 2nd period - Shot by Nazem Kadri.
8:56 of 2nd period - Shot Blocked by Rod Tapper.
8:56 of 2nd period - Rod Tapper from Cunts is injured at 8:56 of 2nd period (Upper Body).
8:57 of 2nd period - Nick Suzuki wins face-off versus Luke Glendening in Cunts zone.
9:00 of 2nd period - Shot by Nick Suzuki.
9:00 of 2nd period - Shot Blocked by Luke Schenn.
9:02 of 2nd period - Shot by David Savard.
9:02 of 2nd period - Shot Misses the Net.
9:10 of 2nd period - Shot by Nick Suzuki.
9:10 of 2nd period - Stopped by Darcy Kuemper with a rebound.
9:12 of 2nd period - Shot by David Savard.
9:12 of 2nd period - Shot Misses the Net.
9:23 of 2nd period - Minor Penalty to Luke Schenn for Hooking.
9:24 of 2nd period - Artemi Panarin wins face-off versus Jamie Benn in Cunts zone.
10:30 of 2nd period - Shot by Nick Suzuki.
10:30 of 2nd period - Deflect By Nipples Tenderloin.
10:30 of 2nd period - Shot Blocked by Andrew Peeke.
11:23 of 2nd period - Shot by Matt Duchene.
11:23 of 2nd period - Shot Misses the Net.
11:34 of 2nd period - Off-side.
11:35 of 2nd period - Brayden Schenn wins face-off versus Luke Glendening in neutral zone.
11:35 of 2nd period - Johnny Gaudreau is hit by Blake Wheeler.
11:56 of 2nd period - Shot by Vladimir Tarasenko.
11:56 of 2nd period - Stopped by Darcy Kuemper with a rebound.
12:56 of 2nd period - Shot by Jamie Benn.
12:56 of 2nd period - Deflect By Matt Duchene.
12:56 of 2nd period - Stopped by Darcy Kuemper without a rebound.
12:57 of 2nd period - Matt Duchene wins face-off versus Bo Horvat in Cunts zone.
13:14 of 2nd period - Shot by Nazem Kadri.
13:14 of 2nd period - Deflect By Jamie Benn.
13:14 of 2nd period - Stopped by Darcy Kuemper with a rebound.
13:16 of 2nd period - Shot by Brenden Dillon.
13:16 of 2nd period - Stopped by Darcy Kuemper without a rebound.
13:17 of 2nd period - Brayden Schenn wins face-off versus Gabriel Vilardi in Cunts zone.
13:42 of 2nd period - Shot by Brock Boeser.
13:42 of 2nd period - Stopped by Joonas Korpisalo without a rebound.
13:43 of 2nd period - Jamie Benn wins face-off versus Artemi Panarin in Bunnies zone.
14:18 of 2nd period - Shot by Matt Duchene.
14:18 of 2nd period - Stopped by Darcy Kuemper without a rebound.
14:19 of 2nd period - Gabriel Vilardi wins face-off versus Nick Suzuki in Cunts zone.
14:21 of 2nd period - Icing by Andre Burakovsky.
14:22 of 2nd period - Gabriel Vilardi wins face-off versus Nick Suzuki in Cunts zone.
14:43 of 2nd period - Shot by Andre Burakovsky.
14:43 of 2nd period - Shot Misses the Net.
16:18 of 2nd period - Shot by Johnny Gaudreau.
16:18 of 2nd period - Shot Misses the Net.
16:20 of 2nd period - Shot by Johnny Gaudreau.
16:20 of 2nd period - Goal by Johnny Gaudreau - Cunts : 2 - Bunnies : 2.
16:21 of 2nd period - Luke Glendening wins face-off versus Nick Suzuki in neutral zone.
16:31 of 2nd period - Icing by Brenden Dillon.
16:32 of 2nd period - Rickard Rakell wins face-off versus Bo Horvat in Bunnies zone.
16:34 of 2nd period - Icing by Nick Suzuki.
16:35 of 2nd period - Bo Horvat wins face-off versus Nick Suzuki in Bunnies zone.
17:04 of 2nd period - Shot by Rickard Rakell.
17:04 of 2nd period - Shot Hit the Post.
17:53 of 2nd period - Shot by Sean Durzi.
17:53 of 2nd period - Goal by Sean Durzi - Cunts : 3 - Bunnies : 2.
17:54 of 2nd period - Gabriel Vilardi wins face-off versus Brayden Schenn in neutral zone.
18:09 of 2nd period - Shot by Artemi Panarin.
18:09 of 2nd period - Shot Blocked by David Savard.
18:23 of 2nd period - Shot by Vladimir Tarasenko.
18:23 of 2nd period - Stopped by Darcy Kuemper without a rebound.
18:24 of 2nd period - Jamie Benn wins face-off versus Luke Glendening in Cunts zone.
18:33 of 2nd period - Shot by Nazem Kadri.
18:33 of 2nd period - Stopped by Darcy Kuemper without a rebound.
18:34 of 2nd period - Jamie Benn wins face-off versus Luke Glendening in Cunts zone.
18:35 of 2nd period - Shot by Filip Hronek.
18:35 of 2nd period - Stopped by Darcy Kuemper without a rebound.
18:36 of 2nd period - Jamie Benn wins face-off versus Keegan Kolesar in Cunts zone.
18:36 of 2nd period - Jeff Petry is hit by Luke Schenn and loses puck.
18:49 of 2nd period - Shot by Nazem Kadri.
18:49 of 2nd period - Stopped by Darcy Kuemper without a rebound.
18:50 of 2nd period - Bo Horvat wins face-off versus Brayden Schenn in Cunts zone.
19:19 of 2nd period - Shot by Johnny Gaudreau.
19:19 of 2nd period - Shot Blocked by Justin Holl.
19:21 of 2nd period - Shot by Vladimir Tarasenko.
19:21 of 2nd period - Shot Blocked by Justin Holl.
19:56 of 2nd period - Shot by Brock Boeser.
19:56 of 2nd period - Deflect By Gabriel Vilardi.
19:56 of 2nd period - Stopped by Joonas Korpisalo without a rebound.
19:57 of 2nd period - Gabriel Vilardi wins face-off versus Jamie Benn in Bunnies zone.
Goals for this period are 1 for Cunts vs 1 for Bunnies.
Shots for this period are 7 for Cunts vs 18 for Bunnies.

3rd period


0:01 of 3rd period - Tyler Seguin wins face-off versus Artemi Panarin in neutral zone.
0:19 of 3rd period - Shot by Bo Horvat.
0:19 of 3rd period - Shot Misses the Net.
0:21 of 3rd period - Shot by Artemi Panarin.
0:21 of 3rd period - Shot Hit the Post.
0:23 of 3rd period - Shot by Jonathan Drouin.
0:23 of 3rd period - Shot Misses the Net.
0:25 of 3rd period - Shot by Luke Schenn.
0:25 of 3rd period - Shot Blocked by Tyler Seguin.
0:27 of 3rd period - Shot by Bo Horvat.
0:27 of 3rd period - Deflect By Artemi Panarin.
0:27 of 3rd period - Stopped by Joonas Korpisalo with a rebound.
1:38 of 3rd period - Radko Gudas is hit by Brock Boeser and loses puck.
1:42 of 3rd period - Minor Penalty to Radko Gudas for Roughing.
1:43 of 3rd period - Nick Suzuki wins face-off versus Gabriel Vilardi in Bunnies zone.
1:52 of 3rd period - Shot by Jake McCabe.
1:52 of 3rd period - Shot Misses the Net.
1:54 of 3rd period - Shot by Jake McCabe.
1:54 of 3rd period - Stopped by Joonas Korpisalo without a rebound.
1:55 of 3rd period - Gabriel Vilardi wins face-off versus Nick Suzuki in Bunnies zone.
1:58 of 3rd period - Shot by Bo Horvat.
1:58 of 3rd period - Stopped by Joonas Korpisalo without a rebound.
1:59 of 3rd period - Nick Suzuki wins face-off versus Bo Horvat in Bunnies zone.
2:18 of 3rd period - Shot by Artemi Panarin.
2:18 of 3rd period - Shot Misses the Net.
2:54 of 3rd period - Shot by Jake McCabe.
2:54 of 3rd period - Shot Misses the Net.
2:56 of 3rd period - Shot by Andre Burakovsky.
2:56 of 3rd period - Stopped by Joonas Korpisalo without a rebound.
2:57 of 3rd period - Gabriel Vilardi wins face-off versus Nipples Tenderloin in Bunnies zone.
3:32 of 3rd period - Rickard Rakell is hit by Gabriel Vilardi and loses puck.
4:35 of 3rd period - Shot by Artemi Panarin.
4:35 of 3rd period - Shot Blocked by Nick Jensen.
5:19 of 3rd period - Shot by Nipples Tenderloin.
5:19 of 3rd period - Stopped by Darcy Kuemper without a rebound.
5:20 of 3rd period - Luke Glendening wins face-off versus Brayden Schenn in Cunts zone.
5:48 of 3rd period - Icing by Justin Holl.
5:49 of 3rd period - Luke Glendening wins face-off versus Nick Suzuki in Cunts zone.
5:49 of 3rd period - Luke Glendening is hit by Rickard Rakell.
6:23 of 3rd period - Shot by Rickard Rakell.
6:23 of 3rd period - Shot Misses the Net.
6:25 of 3rd period - Shot by David Savard.
6:25 of 3rd period - Stopped by Darcy Kuemper without a rebound.
6:26 of 3rd period - Johnny Gaudreau wins face-off versus Bo Horvat in Cunts zone.
6:26 of 3rd period - Johnny Gaudreau is hit by Dylan DeMelo.
6:38 of 3rd period - Shot by Artemi Panarin.
6:38 of 3rd period - Shot Misses the Net.
6:44 of 3rd period - Shot by Andre Burakovsky.
6:44 of 3rd period - Shot Hit the Post.
6:46 of 3rd period - Shot by Bo Horvat.
6:46 of 3rd period - Shot Misses the Net.
6:57 of 3rd period - Shot by Bo Horvat.
6:57 of 3rd period - Deflect By Artemi Panarin.
6:57 of 3rd period - Shot Misses the Net.
7:10 of 3rd period - Off-side.
7:11 of 3rd period - Luke Glendening wins face-off versus Nick Suzuki in neutral zone.
7:29 of 3rd period - Icing by Andrew Peeke.
7:30 of 3rd period - Jamie Benn wins face-off versus Keegan Kolesar in Cunts zone.
8:07 of 3rd period - Shot by Nazem Kadri.
8:07 of 3rd period - Shot Misses the Net.
8:18 of 3rd period - Icing by Justin Holl.
8:19 of 3rd period - Nick Suzuki wins face-off versus Artemi Panarin in Cunts zone.
8:22 of 3rd period - Shot by Nipples Tenderloin.
8:22 of 3rd period - Stopped by Darcy Kuemper without a rebound.
8:23 of 3rd period - Tyler Seguin wins face-off versus Gabriel Vilardi in Cunts zone.
8:24 of 3rd period - Shot by Nipples Tenderloin.
8:24 of 3rd period - Stopped by Darcy Kuemper without a rebound.
8:25 of 3rd period - Tyler Seguin wins face-off versus Gabriel Vilardi in Cunts zone.
9:25 of 3rd period - Shot by Artemi Panarin.
9:25 of 3rd period - Shot Blocked by Jeff Petry.
9:27 of 3rd period - Shot by Bo Horvat.
9:27 of 3rd period - Goal by Bo Horvat - Cunts : 4 - Bunnies : 2.
9:28 of 3rd period - Luke Glendening wins face-off versus Jamie Benn in neutral zone.
9:28 of 3rd period - Luke Glendening is hit by Nazem Kadri.
9:31 of 3rd period - Off-side.
9:32 of 3rd period - Bo Horvat wins face-off versus Jamie Benn in neutral zone.
9:47 of 3rd period - Shot by Bo Horvat.
9:47 of 3rd period - Stopped by Joonas Korpisalo without a rebound.
9:48 of 3rd period - Nick Suzuki wins face-off versus Gabriel Vilardi in Bunnies zone.
10:06 of 3rd period - Icing by Andre Burakovsky.
10:07 of 3rd period - Jamie Benn wins face-off versus Gabriel Vilardi in Cunts zone.
10:15 of 3rd period - Off-side.
10:16 of 3rd period - Artemi Panarin wins face-off versus Johnny Gaudreau in neutral zone.
10:37 of 3rd period - Shot by Jonathan Drouin.
10:37 of 3rd period - Shot Misses the Net.
10:39 of 3rd period - Shot by Jonathan Drouin.
10:39 of 3rd period - Shot Blocked by Jeff Petry.
10:43 of 3rd period - Shot by Bo Horvat.
10:43 of 3rd period - Stopped by Joonas Korpisalo without a rebound.
10:44 of 3rd period - Nick Suzuki wins face-off versus Gabriel Vilardi in Bunnies zone.
10:50 of 3rd period - Andre Burakovsky is hit by Radko Gudas and loses puck.
10:57 of 3rd period - Shot by Brock Boeser.
10:57 of 3rd period - Shot Misses the Net.
11:09 of 3rd period - Shot by Nipples Tenderloin.
11:09 of 3rd period - Shot Blocked by Travis Sanheim.
11:30 of 3rd period - Minor Penalty to Nazem Kadri for Interference.
11:31 of 3rd period - Blake Wheeler wins face-off versus Nipples Tenderloin in Bunnies zone.
11:43 of 3rd period - Shot by Bo Horvat.
11:43 of 3rd period - Shot Blocked by Jeff Petry.
11:45 of 3rd period - Shot by Luke Schenn.
11:45 of 3rd period - Stopped by Joonas Korpisalo with a rebound.
12:04 of 3rd period - Shot by Artemi Panarin.
12:04 of 3rd period - Shot Misses the Net.
12:06 of 3rd period - Shot by Andrew Peeke.
12:06 of 3rd period - Stopped by Joonas Korpisalo without a rebound.
12:07 of 3rd period - Nick Suzuki wins face-off versus Gabriel Vilardi in Bunnies zone.
12:18 of 3rd period - Shot by Gabriel Vilardi.
12:18 of 3rd period - Shot Blocked by Brenden Dillon.
12:26 of 3rd period - Shot by Andre Burakovsky.
12:26 of 3rd period - Shot Misses the Net.
12:28 of 3rd period - Shot by Jake McCabe.
12:28 of 3rd period - Stopped by Joonas Korpisalo with a rebound.
12:30 of 3rd period - Shot by Justin Holl.
12:30 of 3rd period - Shot Misses the Net.
12:32 of 3rd period - Shot by Gabriel Vilardi.
12:32 of 3rd period - Stopped by Joonas Korpisalo without a rebound.
12:33 of 3rd period - Bo Horvat wins face-off versus Nipples Tenderloin in Bunnies zone.
13:02 of 3rd period - Shot by Andrew Peeke.
13:02 of 3rd period - Stopped by Joonas Korpisalo without a rebound.
13:03 of 3rd period - Gabriel Vilardi wins face-off versus Nick Suzuki in Bunnies zone.
13:04 of 3rd period - Shot by Justin Holl.
13:04 of 3rd period - Shot Misses the Net.
13:06 of 3rd period - Shot by Jake McCabe.
13:06 of 3rd period - Shot Misses the Net.
13:38 of 3rd period - Keegan Kolesar is hit by Filip Hronek and loses puck.
13:47 of 3rd period - Filip Hronek is hit by Keegan Kolesar and loses puck.
14:09 of 3rd period - Icing by Luke Glendening.
14:10 of 3rd period - Luke Glendening wins face-off versus Brayden Schenn in Cunts zone.
14:10 of 3rd period - Luke Glendening is hit by Johnny Gaudreau.
14:58 of 3rd period - Shot by Gabriel Vilardi.
14:58 of 3rd period - Shot Misses the Net.
15:13 of 3rd period - Icing by Justin Holl.
15:14 of 3rd period - Nick Suzuki wins face-off versus Bo Horvat in Cunts zone.
15:23 of 3rd period - Shot by Rickard Rakell.
15:23 of 3rd period - Shot Misses the Net.
15:43 of 3rd period - Brock Boeser is hit by Radko Gudas and loses puck.
16:49 of 3rd period - Shot by Andre Burakovsky.
16:49 of 3rd period - Shot Blocked by Nick Jensen.
17:06 of 3rd period - Shot by Nazem Kadri.
17:06 of 3rd period - Stopped by Darcy Kuemper without a rebound.
17:07 of 3rd period - Bo Horvat wins face-off versus Brayden Schenn in Cunts zone.
19:10 of 3rd period - Shot by Nipples Tenderloin.
19:10 of 3rd period - Goal by Nipples Tenderloin - Cunts : 4 - Bunnies : 3.
19:11 of 3rd period - Nick Suzuki wins face-off versus Bo Horvat in neutral zone.
19:14 of 3rd period - Bunnies, Joonas Korpisalo is pulled from the net.
19:29 of 3rd period - Icing by Erik Karlsson.
19:30 of 3rd period - Joonas Korpisalo from Bunnies was sent back in the game.
19:30 of 3rd period - Bo Horvat wins face-off versus Nick Suzuki in Bunnies zone.
19:31 of 3rd period - Shot by Blake Wheeler.
19:31 of 3rd period - Stopped by Joonas Korpisalo without a rebound.
19:32 of 3rd period - Bo Horvat wins face-off versus Rickard Rakell in Bunnies zone.
19:43 of 3rd period - Shot by Bo Horvat.
19:43 of 3rd period - Shot Blocked by Anthony Deangelo.
19:45 of 3rd period - Shot by Bo Horvat.
19:45 of 3rd period - Shot Blocked by Anthony Deangelo.
19:47 of 3rd period - Shot by Andrew Peeke.
19:47 of 3rd period - Shot Misses the Net.
Goals for this period are 1 for Cunts vs 1 for Bunnies.
Shots for this period are 13 for Cunts vs 6 for Bunnies.